 Dungeon Crawl Stone Soup version 0.22-a0-246-gdc04c06 (webtiles) character file.

20 sankara the Ruffian (level 2, -1/23 HPs)
             Began as a Draconian Transmuter on Feb 23, 2018.
             Killed from afar by Natasha (5 damage)
             ... with a magic dart
             ... on level 2 of the Dungeon.
             The game lasted 00:03:16 (1176 turns).

sankara the Ruffian (Draconian Transmuter)          Turns: 1176, Time: 00:03:17

Health: -1/23      AC:  4    Str: 12    XL:     2   Next: 58%
Magic:  3/5        EV: 12    Int: 13    God:
Gold:   64         SH:  0    Dex: 11    Spells: 2/5 levels left

rFire    . . .     SeeInvis .   a - +4 whip
rCold    . . .     Gourm    .   (no shield)
rNeg     . . .     Faith    .   (armour unavailable)
rPois    .         Spirit   .   (helmet restricted)
rElec    .         Reflect  .   (no cloak)
rCorr    .         Harm     .   (no gloves)
MR       .....                  (no boots)
Stlth    +.........             (no amulet)
HPRegen  0.07/turn              (no ring)
MPRegen  0.09/turn              (no ring)

@: slowed, very slow
A: unfitting armour, cold-blooded, AC +4
a: no special abilities


You were on level 2 of the Dungeon.
You were not hungry.

You visited 1 branch of the dungeon, and saw 2 of its levels.

You collected 64 gold pieces.

Inventory:

Hand Weapons
 a - a +4 whip (weapon)
   (You took it off a kobold on level 1 of the Dungeon)
Missiles
 c - 21 sling bullets
 e - 24 stones (quivered)
 i - 10 arrows
Scrolls
 d - a scroll of remove curse {unknown}
 f - a scroll of immolation {unknown}
 h - 2 scrolls of identify {unknown}
Potions
 g - a potion of mutation {unknown}
 j - a potion of haste {unknown}
Comestibles
 b - a ration


   Skills:
 - Level 1.1 Fighting
 - Level 1.7 Dodging
 + Level 3.3 Unarmed Combat
 - Level 2.0 Spellcasting
 * Level 2.9 Transmutations


You had 2 spell levels left.
You knew the following spells:

 Your Spells              Type           Power        Failure   Level  Hunger
a - Beastly Appendage     Tmut           #.....       8%          1    ##.....
b - Sticks to Snakes      Tmut           #.......     12%         2    ###....


Dungeon Overview and Level Annotations

Branches:
Dungeon (2/15)

Altars:

Annotations:
D:2 Natasha


Innate Abilities, Weirdness & Mutations

Your plain brown scales are hard. (AC +4)
You cannot fit into any form of body armour.
You are cold-blooded and may be slowed by cold attacks.


Message History

Adjust which item? (? for menu, Esc to quit)
i - a +4 whip (weapon)
Adjust to which letter? (? for menu, Esc to quit)
a - a +4 whip (weapon);
i - 11 arrows You start resting.
Your talons disappear.
You start resting.
Your magical contamination has completely faded away.
You start resting.
Your ball python withers and dies!
Magic restored.
Eating a chunk of flesh {@w0}.
You eat the chunk of flesh {@w0}.
This raw flesh tastes terrible.
HP restored.
e - 22 stones (gained 1)
e - 23 stones (gained 1)
e - 24 stones (gained 1)
f - a scroll labeled YKKI FUGEM
Found a stone staircase leading down.
There is a stone staircase leading down here.
You open the door.
There is an open door here.
There is an open door here.
You now have 46 gold pieces (gained 12).
Done exploring.
Done exploring.
Done exploring.
Done exploring.
(D) Dungeon
Where to? (? - help)
You see here a spear.
There is a stone staircase leading down here.
You climb downwards.
There is a stone staircase leading up here.
You now have 56 gold pieces (gained 10).
A bat comes into view.
The bat barely misses you. The bat closely misses you.
No reachable target in view!
No reachable target in view!
The bat barely misses you. The bat barely misses you.
The bat hits you but does no damage.
You barely miss the bat.
Your tail-slap misses the bat.
The bat hits you but does no damage.
You barely miss the bat. The bat hits you but does no damage.
The bat barely misses you.
You hit the bat.
You kill the bat!
No target in view!
j - a bubbling black potion You now have 64 gold pieces (gained 8).
Found a stone staircase leading down.
Marking area around Natasha as unsafe for travelling.
Natasha, Servant of Life and Death comes into view.
Really walk into a travel-excluded area?
Natasha hisses angrily.
Natasha drinks a potion.
Natasha suddenly seems more agile.
Casting: Beastly Appendage (safe; 8% risk of failure)
Confirm with . or Enter, or press ? or * to list all spells.
You grow a pair of large bovine horns.
Casting: Beastly Appendage (safe; 8% risk of failure)
Confirm with . or Enter, or press ? or * to list all spells.
You create a snake!
You now have 10 arrows.
Natasha casts a spell at you. You resist with significant effort.
Your transformation is almost over.
Natasha stares at you and mumbles some strange words.
The magic dart hits you!
You miss Natasha. You headbutt Natasha, but do no damage. Natasha claws you.
You are too injured to fight recklessly!
You are too injured to fight recklessly!
You closely miss Natasha. Your headbutt misses Natasha.
Natasha casts a spell.
You hit Natasha.
Natasha is moderately wounded.
Natasha stares at you and mumbles some strange words.
You feel yourself slow down.
The crimson imp hits you but does no damage.
Natasha closely misses you.
You completely miss Natasha.
Your tail-slap misses Natasha.
Natasha is moderately wounded.
The crimson imp hits you but does no damage.
Natasha barely misses you.
You miss Natasha. Your headbutt misses Natasha.
Natasha is moderately wounded.
The crimson imp closely misses you. Natasha claws you!
* * * LOW HITPOINT WARNING * * *
The crimson imp barely misses you. Natasha barely misses you.
Your horns disappear.
Something barely misses your ball python.
Natasha claws your ball python.
Your ball python dies!
Natasha casts a spell.
The crimson imp shouts, "Take thy face hence, thou frothy tardy-gaited dingleberry!"
The crimson imp hits you.
* * * LOW HITPOINT WARNING * * *
The crimson imp blinks!
Natasha stares at you and mumbles some strange words.
The magic dart hits you!
You die...

# #.####...## #.
#.........#
#..##..##....# .
##.......#.(..####
.##...##............
..#.>....h...5.###
#...##..§#.#..#
#.###...#.h..#
#.###......@###..#
#.........#.# ..#
#####.5####..# ..#
#..# ##.# .%#
#..#####.# .?#
#........# ..#
##.#####.# ..#
#.#####.## #
#.##≈≈≈≈≈ ≈


You could see Natasha and a crimson imp.

Vanquished Creatures
  A leopard gecko (D:1)
  5 bats
  A giant cockroach (D:1)
  3 goblins (D:1)
  A hobgoblin (D:1)
  6 kobolds (D:1)
  4 rats (D:1)
21 creatures vanquished.

Notes
Turn   | Place    | Note
-------+----------+-------------------------------------------
     0 | D:1      | sankara the Draconian Transmuter began the quest for the Orb.
     0 | D:1      | Reached XP level 1. HP: 16/16 MP: 3/3
   352 | D:1      | Reached XP level 2. HP: 16/23 MP: 3/5
   448 | D:1      | Learned a level 2 spell: Sticks to Snakes
  1160 | D:2      | Noticed Natasha
  1169 | D:2      | Noticed a crimson imp
  1171 | D:2      | HP: 4/23 [Natasha (10)]
  1176 | D:2      | Killed from afar by Natasha

Vault maps used:
D:1:      roderic_crop_circles_arrival_small
D:2:      tso_altar, grunt_temple_overflow_gold_and_silver,
          minmay_crystal_water, uniq_robin, uniq_natasha

Action                   || total
-------------------------++-------
Melee: Unarmed           ||    59
       Tailslap          ||     6
       Headbutt          ||     4
       Kick              ||     3
       Whip              ||     8
 Cast: Beastly Appendage ||    13
       Sticks to Snakes  ||     2
  Eat: Chunk             ||     1
Armor: Skin              ||    24
Dodge: Dodged            ||    47

Table legend:
 A = Spawn XP
 B = Non-spawn XP
 C = Spawn XP percentage of total XP
 D = Spawn monster count
 E = Non-spawn monster count
 F = Spawn count percentage of total count
 G = Total turns spent on level
                    A         B        C        D         E        F      G
               +---------+---------+-------+---------+---------+-------+---------
         Total |       0 |      29 |   0.0 |       0 |      21 |   0.0 |  1176
               +---------+---------+-------+---------+---------+-------+---------
           D:1 |       0 |      28 |   0.0 |       0 |      20 |   0.0 |  1109
           D:2 |       0 |       1 |   0.0 |       0 |       1 |   0.0 |    67
               +---------+---------+-------+---------+---------+-------+---------

Vault maps used:
D:1:      roderic_crop_circles_arrival_small
D:2:      tso_altar, grunt_temple_overflow_gold_and_silver,
          minmay_crystal_water, uniq_robin, uniq_natasha

Table legend:
 A = Turns spent in this place as a percentage of turns spent in the entire game.
 B = Non-inter-level travel turns spent in this place as a percentage of non-inter-level travel turns spent in the entire game.
 C = Inter-level travel turns spent in this place as a percentage of turns spent in this place.
 D = Turns resting spent in this place as a percentage of non-inter-level travel turns spent in this place.
 E = Turns spent auto-exploring this place as a percentage of non-inter-level travel turns spent in this place.
 F = Non-inter-level travel turns spent in this place divided by the number of levels of this place that you've seen.
                   A       B       C       D       E      F
               +-------+-------+-------+-------+-------+----------------------
         Total | 100.0 | 100.0 |   2.6 |  31.6 |  49.3 | 572.5
       Dungeon | 100.0 | 100.0 |   2.6 |  31.6 |  49.3 | 572.5
               +-------+-------+-------+-------+-------+----------------------

Table legend:
 A = Kills in this place as a percentage of kills in entire the game.
 B = Kills by you in this place as a percentage of kills by you in the entire game.
 C = Kills by friends in this place as a percentage of kills by friends in the entire game.
 D = Other kills in this place as a percentage of other kills in the entire game.
 E = Experience gained in this place as a percentage of experience gained in the entire game.
 F = Experience gained in this place divided by the number of levels of this place that you have seen.
                   A       B       C       D       E      F
               +-------+-------+-------+-------+-------+----------------------
         Total | 100.0 | 100.0 |   N/A |   N/A | 100.0 |  14.5
       Dungeon | 100.0 | 100.0 |   N/A |   N/A | 100.0 |  14.5
               +-------+-------+-------+-------+-------+----------------------
